 Dungeon Crawl Stone Soup version 0.17.0-24-gcfadda4 (webtiles) character file.

128924 oplop the Carver (level 16, -1/131 HPs)
             Began as a Deep Dwarf Necromancer on Nov 16, 2015.
             Was the Champion of Ru.
             Shot with an arrow by a naga sharpshooter (4 damage)
             ... on level 2 of the Snake Pit.
             The game lasted 02:12:18 (34973 turns).

oplop the Carver (Deep Dwarf Necromancer)          Turns: 34973, Time: 02:12:19

Health: -1/131     AC: 24    Str: 17    XL:     16   Next: 49%
Magic:  10/22      EV:  9    Int: 20    God:    Ru [******]
Gold:   1651       SH:  6    Dex: 14    Spells: 7 memorised, 6 levels left

rFire  + + .     SeeInvis +     q - +6 demon blade "Kevona Xeafa" {pain, *Noise +Blink rPois}
rCold  x . .     Rnd*Rage +     G - +2 chain mail {rF+}
rNeg   + . .     SustAt   .     a - +0 buckler
rPois  +         Gourm    .     w - +1 helmet "Gehullab" {rF+}
rElec  .         Spirit   .     j - +1 cloak {MR+}
rCorr  .         Warding  .     M - +0 pair of gloves
rMut   .         Stasis   .     C - +0 pair of boots
MR     +++++                    (no amulet)
Stlth  ..........               k - ring "Arirghaesk" {+Inv rC- MR+++ Int+3 SInv}
                                Y - +5 ring of protection

@: lethally poisoned (-1 -> -1), non-regenerating, heavily drained, almost
entirely resistant to hostile enchantments, extremely unstealthy
A: damage resistance, recharge devices, berserk 1, blurry vision 1, frail 1, low
mp 1, negative energy resistance 1, sense surroundings 2, shaggy fur 1, slow
regeneration 3, no stealth, hated by all, slow reflexes 1, unskilled 1,
inexperienced 1
a: Device Recharging, Draw Out Power, Power Leap, Apocalypse, Renounce Religion,
Evoke Blink, Evoke Invisibility


You were on level 2 of the Snake Pit.
You worshipped Ru.
Ru was exalted by your worship.
You were hungry.

You visited 4 branches of the dungeon, and saw 29 of its levels.
You visited the Abyss 1 time.
You also visited: Ice Cave and Volcano.

You collected 3157 gold pieces.
You spent 1506 gold pieces at shops.

Inventory:

Hand Weapons
 q - the +6 demon blade "Kevona Xeafa" (weapon) {pain, *Noise +Blink rPois}
   (You found it in an ice cave)

   In the hands of one skilled in necromantic magic, it inflicts extra damage on
   living creatures.
   It protects you from poison.
   It lets you blink.
   It may make noises in combat.
 E - the +7 great mace "Undeadhunter" {disrupt, rN+}
   (You took it off a big kobold on level 13 of the Dungeon)

   It protects you from negative energy.
Armour
 a - a +0 buckler (worn)
 j - a +1 cloak of magic resistance (worn)
 w - the +1 helmet "Gehullab" (worn) {rF+}
   (You bought it in a shop on level 4 of the Orcish Mines)

   It protects you from fire.
 C - a +0 pair of boots (worn)
 G - a +2 chain mail of fire resistance (worn)
 I - a +0 hat
 M - a +0 pair of gloves (worn)
 N - the +4 robe of Horyulomn {+Blink rPois rF+}
   (You found it on level 8 of the Lair of Beasts)

   It protects you from fire.
   It protects you from poison.
   It lets you blink.
Magical Staves
 V - an uncursed staff of conjuration
Jewellery
 k - the ring "Arirghaesk" (right hand) {+Inv rC- MR+++ Int+3 SInv}
   (You found it on level 8 of the Lair of Beasts)

   [ring of see invisible]

   It affects your intelligence (+3).
   It makes you vulnerable to cold.
   It affects your resistance to hostile enchantments.
   It lets you see invisible.
   It lets you turn invisible.
 v - an uncursed amulet of warding
 S - an uncursed ring of flight
 Y - a +5 ring of protection (left hand)
Wands
 c - a wand of heal wounds (1)
 f - a wand of fireball (4)
 y - a wand of teleportation (7)
 D - a wand of paralysis (11)
 F - a wand of disintegration (3)
 H - a wand of teleportation (3)
 J - a wand of paralysis (3)
 L - a wand of teleportation (5)
 T - a wand of fireball (9)
 U - a wand of digging (2)
Scrolls
 e - 4 scrolls of fog
 g - 14 scrolls of remove curse
 o - 7 scrolls of teleportation
 p - 3 scrolls of identify
 r - 4 scrolls of amnesia
 u - 4 scrolls of enchant armour
 A - 3 scrolls of recharging
 B - 4 scrolls of magic mapping
Potions
 h - a potion of berserk rage
 i - 6 potions of flight
 l - 6 potions of magic
 m - 7 potions of curing
 n - a potion of ambrosia
 s - 3 potions of invisibility
 t - 2 potions of heal wounds
 x - 4 potions of brilliance
 z - 3 potions of agility
 R - a potion of might
 W - a potion of haste
Miscellaneous
 K - a disc of storms
Comestibles
 d - 17 bread rations
 Q - 4 meat rations


   Skills:
 - Level 10.2(8.5) Fighting
 * Level 13.1(11.3) Long Blades
   Level 8.0 Axes
 - Level 7.7(7.4) Maces & Flails
 * Level 5.8(4.3) Armour
 - Level 12.4(10.7) Dodging
 - Level 8.4(6.8) Shields
 - Level 6.8(5.3) Spellcasting
 - Level 1.8(0.5) Hexes
 + Level 10.7(9.0) Necromancy
 - Level 5.3(3.9) Earth Magic


You had 6 spell levels left.
You knew the following spells:

 Your Spells              Type           Power        Failure   Level  Hunger
a - Pain                  Necr           ####         4%          1    None
b - Vampiric Draining     Necr           #####.....   14%         3    ##.....
c - Animate Skeleton      Necr           N/A          4%          1    None
d - Animate Dead          Necr           N/A          43%         4    ####...
e - Control Undead        Necr           #####.....   43%         4    ####...
f - Confuse               Hex            #.......     100%        3    ##.....
g - Statue Form           Trmt/Erth      ##.......    100%        6    #######


Dungeon Overview and Level Annotations

Branches:
Dungeon (15/15)            Temple (0/1) D:6            Lair (8/8) D:8
 Shoals (0/4) Lair:5        Snake (2/4) Lair:3        Slime (0/6) Lair:8
    Orc (4/4) D:11            Elf (0/3) Orc:3        Vaults (0/5) D:14
 Depths (0/5) D:15

Altars:
Ashenzari
Cheibriados
Dithmenos
Fedhas
Kikubaaqudgha
Makhleb
Nemelex Xobeh
Okawaru
Qazlal
Ru
Sif Muna
Xom
Yredelemnul
The Shining One
Beogh
Jiyva

Shops:
D:5 *?}   D:14 *   Orc:4 ?[:}

Annotations:
D:3 Ijustatesigmund's ghost, amateur DsWz
D:12 dadoka's ghost, journeyman SpCK
Lair:3 exclusion: 2 oklob plants
Snake:2 Nikola; Vashnia


Innate Abilities, Weirdness & Mutations

You are resistant to damage.
You can recharge devices by infusing magical energy.
You are frail (-10% HP).
You resist negative energy.
You passively map the area around you.
You do not regenerate naturally.
You cannot be stealthy.
You are hated by all.
You have somewhat slow reflexes. (-3 EV)
You are somewhat unskilled (-1 Apt).
You are somewhat inexperienced (-2 XL).
You tend to lose your temper in combat.
Scrolls take you a little longer to read.
Your magical capacity is low (-10% MP).
You are covered in fur (AC +1).


Message History

The naga sharpshooter gestures wildly while chanting.
The naga sharpshooter magically shoots a bolt.
The bolt completely misses you. You block the naga's attack.
The naga misses you.
The naga sharpshooter casts a spell.
The naga sharpshooter magically shoots an arrow.
The arrow hits you but does no damage.
Things that are here:
2 arrows; a bolt The naga sharpshooter shoots a bolt.
The bolt hits you!
* * * LOW HITPOINT WARNING * * *
You redirect the naga sharpshooter's attack!
The naga sharpshooter casts a spell.
The naga sharpshooter magically shoots an arrow.
The arrow hits the naga sharpshooter!
The naga sharpshooter begins to cast a spell, but is stunned by your will!
The naga sharpshooter gestures wildly while chanting.
The naga sharpshooter magically shoots an arrow.
The arrow hits you.
You die...

......####....#.......####
......N.$.N.# #......##
#..#.#.(....######...#
#....(.#.NN.... #.).##
#.......#......##)..#
#.....#........N(...#
##<#[.....N...SN.(..#
.............NN.(...#
.[.......###....@####
........#.$.......#
........#.......<.#
###.....#...#.....#
*##.#.....##.#.## .##.#
**#.... .##.., .. ..#,* *
*


You could see 6 naga sharpshooters, a shock serpent and 2 nagas.

Vanquished Creatures
  Rupert (D:14)
  Aizul (Snake:2)
  Nessos (D:13)
  The ghost of UristPineapples the Fighter, a journeyman GrFi of Ru (Lair:6)
  An ice dragon (D:15)
  4 catoblepae (Lair:8)
  3 naga warriors
  5 anacondas (Snake:1)
  5 centaur warriors
  6 hydras
  14 death yaks (Lair:8)
  A tengu warrior (D:15)
  5 naga sharpshooters (Snake:1)
  3 orc high priests (Orc:4)
  Urug (D:12)
  Sonja (Lair:4)
  2 salamander mystics (Snake:1)
  3 skeletal warriors
  An ice devil (IceCv)
  A naga ritualist (Snake:1)
  4 unseen horrors (D:13)
  10 hill giants
  Pikel (D:6)
  2 cyclopes
  4 griffons
  6 orc knights
  A mana viper (Snake:1)
  6 salamanders (Snake:1)
  5 orc sorcerers
  14 elephants
  18 ugly things
  5 naga magi (Snake:1)
  16 black mambas
  2 guardian serpents
  6 molten gargoyles
  An octopode (shapeshifter) (D:15)
  2 ice statues (IceCv)
  5 torpor snails
  8 spiny frogs
  A redback zombie (D:15)
  8 centaur skeletons
  A kobold demonologist (D:12)
  A gargoyle (D:11)
  An efreet (D:15)
  6 fire drakes
  2 komodo dragons
  3 trolls
  A yaktaur (Volcano)
  4 two-headed ogres
  A merfolk (D:14)
  8 blue devils (IceCv)
  A trapdoor spider zombie (D:11)
  2 slime creatures
  2 polar bears
  Prince Ribbit (D:6)
  A harpy skeleton (D:13)
  11 blink frogs
  A trapdoor spider (D:15)
  2 wyverns
  A wraith (D:13)
  Sigmund (D:5)
  A shadow (D:13)
  15 humans (D:14)
  9 hippogriffs
  52 yaks
  2 fire elementals
  3 basilisks
  A deep elf fighter (D:15)
  2 hungry ghosts
  2 mottled dragons (D:14)
  8 wolves
  12 water moccasins
  22 orc warriors
  2 soldier ants (D:13)
  10 nagas
  10 vampire mosquitoes
  2 wargs
  3 ice beasts
  Duvessa (D:5)
  2 black bears
  4 eyes of draining
  4 slaves (D:6)
  3 phantoms
  24 centaurs
  15 porcupines
  16 crocodiles
  8 ogres
  3 sky beasts
  3 big kobolds
  A wyvern zombie (D:13)
  13 giant frogs
  A gnoll sergeant (D:5)
  Dowan (D:5)
  4 scorpions
  A troll zombie (D:11)
  6 killer bees
  3 vampire bats (Lair:2)
  A water moccasin skeleton (D:9)
  7 wights
  2 quasits
  2 electric eels
  10 crimson imps
  4 centaur zombies
  7 jellies
  A giant frog zombie (D:5)
  3 hounds
  33 orc priests
  A giant frog skeleton (D:6)
  24 orc wizards
  7 iguanas
  13 worker ants
  28 sheep
  2 ogre zombies (D:11)
  A hound zombie (D:5)
  2 hound skeletons
  91 river rats
  2 worker ant zombies
  12 gnolls
  21 adders
  6 shadow imps
  7 white imps (IceCv)
  8 ufetubi (IceCv)
  4 oozes (D:4)
  2 adder skeletons
  A worm (D:2)
  141 orcs
  3 ball pythons
  18 bats
  5 giant cockroaches
  7 goblins
  5 hobgoblins
  8 jackals
  A quokka (D:9)
  4 giant geckos
  2 giant newts
  A goblin skeleton (D:11)
  A goblin zombie (D:11)
  A hobgoblin skeleton (D:11)
  2 hobgoblin zombies (D:11)
  A jackal skeleton (D:6)
  19 kobolds
  11 orc zombies (D:11)
  A quokka zombie (D:7)
  8 rats
  5 fungi
  4 plants
1055 creatures vanquished.

Vanquished Creatures (collateral kills)
  A gargoyle (D:10)
  2 spiny frogs
  2 kobold demonologists (D:13)
  2 komodo dragons
  7 blink frogs
  A wraith (D:11)
  A yak (Lair:7)
  A basilisk (D:13)
  A soldier ant (D:13)
  A steam dragon (D:13)
  A water moccasin (Lair:8)
  2 wolves (Lair:8)
  2 sky beasts
  An ice beast (D:8)
  A wasp (D:10)
  A centaur (D:13)
  3 phantoms
  A crocodile (Lair:8)
  A big kobold (D:13)
  A troll zombie (D:11)
  5 wights
  An orc priest (D:4)
  A hound (D:11)
  3 orc wizards
  A quasit (D:7)
  An iguana (Lair:2)
  4 ogre zombies (D:11)
  4 river rats
  3 adders
  2 gnolls
  4 orcs
  A ball python (D:7)
  4 kobolds
  A goblin zombie (D:11)
  A hobgoblin skeleton (D:11)
  2 hobgoblin zombies (D:11)
  A jackal skeleton (D:7)
  2 orc skeletons (D:11)
  3 orc zombies (D:11)
  A butterfly (Lair:8)
  2 fungi (Lair:8)
80 creatures vanquished.

Vanquished Creatures (others)
  A fire dragon (D:15)
  2 hydras
  A centaur warrior (D:13)
  A death yak (Lair:8)
  An anaconda (Snake:1)
  A naga ritualist (Snake:1)
  A black mamba (Snake:1)
  A spiny frog (Lair:2)
  A komodo dragon (Lair:8)
  A human (D:14)
  2 vampire mosquitoes
  An orc warrior (Orc:4)
  A boggart (D:13)
  2 centaurs
  A crimson imp (D:5)
  An orc wizard (Orc:4)
  A white imp (IceCv)
  An ufetubus (IceCv)
  An orc (D:15)
  3 bushes
  60 fungi
  26 plants
111 creatures vanquished.

Grand Total: 1246 creatures vanquished

Notes
Turn   | Place    | Note
--------------------------------------------------------------
     0 | D:1      | oplop the Deep Dwarf Necromancer began the quest for the Orb.
     0 | D:1      | Reached XP level 1. HP: 15/15 MP: 3/3
     2 | D:1      | Noticed a minotaur
     4 | D:1      | Noticed a vampire
     4 | D:1      | Noticed a naga
     6 | D:1      | Noticed a gargoyle
     6 | D:1      | Noticed a centaur
     8 | D:1      | Noticed a ghoul
     8 | D:1      | Noticed a felid
    12 | D:1      | Noticed a vine stalker
    12 | D:1      | Noticed a tengu
    14 | D:1      | Noticed a human
    14 | D:1      | Noticed an octopode
    16 | D:1      | Noticed a demonspawn
    16 | D:1      | Noticed a spriggan
    20 | D:1      | Noticed a demigod
    20 | D:1      | Noticed an ogre
    22 | D:1      | Noticed a draconian
    22 | D:1      | Noticed an elf
    24 | D:1      | Noticed a formicid
    24 | D:1      | Noticed a dwarf
    26 | D:1      | Noticed a troll
    26 | D:1      | Noticed a merfolk
   286 | D:1      | Reached skill level 1 in Fighting
   286 | D:1      | Reached XP level 2. HP: 13/25 MP: 0/5
   712 | D:2      | Reached XP level 3. HP: 9/31 MP: 6/6
   767 | D:2      | Learned a level 3 spell: Vampiric Draining
  1366 | D:2      | Found a sacrificial altar of Ru.
  1491 | D:2      | Became a worshipper of Ru the Awakened
  1610 | D:3      | Noticed Ijustatesigmund's ghost (amateur DsWz)
  1639 | D:3      | Reached XP level 4. HP: 19/39 MP: 0/7
  1663 | D:3      | Found a shattered altar of Ashenzari.
  1663 | D:3      | Found a stormy altar of Qazlal.
  1664 | D:3      | Found a sparkling altar of Nemelex Xobeh.
  1998 | D:3      | Found a burning altar of Makhleb.
  2070 | D:3      | Reached skill level 5 in Necromancy
  2241 | D:3      | Found a shimmering altar of Xom.
  2472 | D:3      | Reached XP level 5. HP: 25/46 MP: 3/9
  2786 | D:4      | Learned a level 1 spell: Animate Skeleton
  2795 | D:4      | Gained mutation: You have somewhat slow reflexes. (-3 EV) [Ru sacrifice]
  2795 | D:4      | Reached * piety under Ru
  2832 | D:4      | Found a viscous altar of Jiyva.
  3223 | D:4      | Noticed a phantom
  3226 | D:4      | Got a silken robe
  3237 | D:4      | Identified the cursed +0 robe "Iqott" {*Contam +Blink Str+5} (You found it on level 4 of the Dungeon)
  3271 | D:4      | Killed a phantom
  3271 | D:4      | Reached XP level 6. HP: 24/56 MP: 11/11
  3368 | D:4      | Found a basalt altar of Yredelemnul.
  3379 | D:4      | Found a glowing golden altar of the Shining One.
  3571 | D:4      | Found an iron altar of Okawaru.
  4081 | D:4      | Noticed an angel
  4098 | D:4      | Reached skill level 6 in Necromancy
  4111 | D:5      | Entered Level 5 of the Dungeon
  4224 | D:5      | Found Xatextul's Gadget Shoppe.
  4274 | D:4      | Reached XP level 7. HP: 24/63 MP: 6/13
  4592 | D:5      | Noticed Dowan
  4710 | D:5      | Found Nuacos's Magic Scroll Boutique.
  4718 | D:5      | Bought a scroll of recharging for 95 gold pieces
  4718 | D:5      | Bought a scroll of recharging for 95 gold pieces
  4718 | D:5      | Bought a scroll of remove curse for 30 gold pieces
  4718 | D:5      | Bought a scroll of teleportation for 30 gold pieces
  4718 | D:5      | Bought a scroll of identify for 20 gold pieces
  4718 | D:5      | Bought a scroll of identify for 20 gold pieces
  5050 | D:5      | Found Duisu's Assorted Antiques.
  5073 | D:5      | Learned a level 4 spell: Animate Dead
  5078 | D:5      | Bought a puce potion for 24 gold pieces
  5109 | D:5      | Reached skill level 7 in Necromancy
  5228 | D:5      | Reached XP level 8. HP: 37/73 MP: 4/15
  5240 | D:5      | Found a blossoming altar of Fedhas.
  5240 | D:5      | Found an ancient bone altar of Kikubaaqudgha.
  5242 | D:5      | Noticed Sigmund
  5448 | D:5      | Reached skill level 1 in Maces & Flails
  5530 | D:5      | Reached skill level 5 in Spellcasting
  5762 | D:6      | Reached skill level 8 in Necromancy
  5885 | D:6      | Gained mutation: You are somewhat inexperienced (-2 XL). [Ru sacrifice]
  5885 | D:6      | Reached XP level 7. HP: 39/66 MP: 15/15
  5885 | D:6      | Reached XP level 6. HP: 39/60 MP: 14/14
  5885 | D:6      | Reached ** piety under Ru
  5891 | D:6      | Learned a level 4 spell: Control Undead
  5898 | D:6      | Noticed Prince Ribbit
  6015 | D:5      | Bought a scroll of teleportation for 30 gold pieces
  6015 | D:5      | Bought a scroll of identify for 20 gold pieces
  6031 | D:6      | Reached XP level 7. HP: 61/66 MP: 2/15
  6098 | D:6      | Noticed Pikel
  6543 | D:6      | Found a staircase to the Ecumenical Temple.
  6975 | D:6      | Killed Pikel
  6975 | D:6      | Reached skill level 5 in Fighting
  6975 | D:6      | Reached XP level 8. HP: 70/75 MP: 4/16
  7106 | D:6      | Killed Prince Ribbit
  7106 | D:6      | Reached skill level 5 in Maces & Flails
  7382 | D:5      | Killed Sigmund
  7388 | D:5      | Gained mutation: You passively map the area around you. [Deep Dwarf growth]
  7388 | D:5      | Reached XP level 9. HP: 52/82 MP: 2/17
  7518 | D:5      | Noticed Duvessa
  7527 | D:5      | Killed Duvessa
  7539 | D:5      | Killed Dowan
  7539 | D:5      | Reached skill level 5 in Dodging
  8004 | D:7      | Found a shadowy altar of Dithmenos.
  8868 | D:8      | Got a twisted short sword {speed}
  8869 | D:8      | Identified the cursed +2 short sword "Kaasoec" {speed, Int+4} (You took it off a gnoll on level 8 of the Dungeon)
  9090 | D:8      | Found a staircase to the Lair.
  9326 | D:8      | Reached XP level 10. HP: 37/94 MP: 1/17
  9973 | D:9      | Found a deep blue altar of Sif Muna.
 11021 | D:10     | Entered Level 10 of the Dungeon
 11499 | D:10     | HP: 4/96 [gargoyle/stone arrow (16)]
 11505 | D:10     | Found a basalt altar of Yredelemnul.
 12733 | D:11     | Learned a level 3 spell: Confuse
 12851 | D:11     | Reached skill level 1 in Hexes
 12857 | D:11     | Reached XP level 11. HP: 67/103 MP: 0/18
 12911 | D:11     | Noticed a six-headed hydra
 12931 | D:11     | Found a staircase to the Orcish Mines.
 13077 | D:11     | Noticed a skeletal warrior
 13610 | D:5      | Bought a glowing battleaxe for 175 gold pieces
 13694 | Lair:1   | Entered Level 1 of the Lair of Beasts
 13839 | Lair:1   | Reached skill level 1 in Axes
 13962 | Lair:1   | Reached skill level 9 in Dodging
 14562 | Lair:1   | Gained mutation: Your magical capacity is low (-10% MP). [potion of mutation]
 14562 | Lair:1   | Gained mutation: You are covered in fur (AC +1). [potion of mutation]
 14562 | Lair:1   | Gained mutation: You tend to lose your temper in combat. [potion of mutation]
 14738 | Lair:1   | Noticed an eight-headed hydra
 14750 | Lair:1   | Killed an eight-headed hydra
 15033 | Lair:2   | Gained mutation: You cannot be stealthy. [Ru sacrifice]
 15033 | Lair:2   | Reached *** piety under Ru
 15539 | Lair:2   | Reached skill level 10 in Dodging
 15853 | Lair:2   | Reached skill level 5 in Axes
 16285 | Lair:2   | Reached XP level 12. HP: 54/116 MP: 2/17
 16778 | Lair:3   | Reached skill level 10 in Fighting
 16995 | Lair:3   | Reached skill level 11 in Dodging
 17289 | Lair:3   | Found a staircase to the Snake Pit.
 17955 | Lair:4   | Noticed Sonja
 17959 | Lair:4   | Cast into the Abyss (Sonja)
 18003 | Abyss:1  | Noticed a black draconian scorcher
 18006 | Lair:4   | Escaped the Abyss
 18050 | Lair:4   | Killed Sonja
 18603 | Lair:5   | Found a staircase to the Shoals.
 18656 | Lair:5   | Found a frozen archway.
 18702 | IceCv    | Entered an ice cave
 18957 | IceCv    | Reached skill level 12 in Dodging
 19415 | IceCv    | Gained mutation: You are frail (-10% HP). [Ru sacrifice]
 19415 | IceCv    | Reached **** piety under Ru
 19417 | IceCv    | Got a jewelled demon blade
 19418 | IceCv    | Identified the +6 demon blade "Kevona Xeafa" {pain, *Noise +Blink rPois} (You found it in an ice cave)
 19623 | Lair:5   | Reached XP level 13. HP: 82/114 MP: 11/18
 20046 | Lair:6   | Reached skill level 1 in Armour
 20177 | Lair:6   | Noticed UristPineapples's ghost (journeyman GrFi)
 20196 | Lair:6   | Killed UristPineapples's ghost
 21210 | Lair:7   | Reached skill level 13 in Dodging
 21400 | Lair:7   | Reached skill level 5 in Armour
 21507 | Lair:7   | Identified a scroll of acquirement
 21651 | Lair:7   | Reached skill level 1 in Long Blades
 21788 | Lair:8   | Entered Level 8 of the Lair of Beasts
 22287 | Lair:7   | Got a transparent great sword
 22435 | Lair:8   | Identified the cursed +1 great sword of the Middle {slice, MR++ Dex+2} (You found it on level 7 of the Lair of Beasts)
 22562 | Lair:8   | Learned a level 6 spell: Statue Form
 22574 | Lair:8   | Found a snail-covered altar of Cheibriados.
 22624 | Lair:8   | Reached skill level 1 in Earth Magic
 22670 | Lair:8   | Reached skill level 5 in Long Blades
 23193 | Lair:8   | Gained mutation: You resist negative energy. [Deep Dwarf growth]
 23193 | Lair:8   | Reached XP level 14. HP: 112/121 MP: 13/20
 23509 | Lair:8   | Found a staircase to the Slime Pits.
 23918 | Lair:8   | Reached skill level 5 in Earth Magic
 24279 | Lair:8   | Got a bound amber ring
 24281 | Lair:8   | Identified the ring "Arirghaesk" {+Inv rC- MR+++ Int+3 SInv} (You found it on level 8 of the Lair of Beasts)
 24287 | Lair:8   | Got a shimmering robe
 24298 | Lair:8   | Identified the +4 robe of Horyulomn {+Blink rPois rF+} (You found it on level 8 of the Lair of Beasts)
 24971 | D:11     | Killed a six-headed hydra
 25179 | D:11     | Noticed a skeletal warrior
 25181 | D:11     | Noticed a skeletal warrior
 25184 | D:11     | Noticed a skeletal warrior
 25207 | D:11     | Noticed a skeletal warrior
 25340 | D:11     | Killed a skeletal warrior
 25340 | D:11     | Reached skill level 1 in Shields
 25626 | D:12     | Noticed dadoka's ghost (journeyman SpCK)
 25639 | D:12     | Noticed Urug
 25704 | D:11     | Killed a skeletal warrior
 26180 | D:11     | Gained mutation: Scrolls take you a little longer to read. [mutagenic glow]
 26262 | D:12     | Gained mutation: You are somewhat unskilled (-1 Apt). [Ru sacrifice]
 26262 | D:12     | Reduced skill Fighting to level 10
 26262 | D:12     | Reduced skill Armour to level 5
 26262 | D:12     | Reduced skill Dodging to level 12
 26262 | D:12     | Reduced skill Hexes to level 1
 26262 | D:12     | Reached ***** piety under Ru
 26383 | D:12     | Killed Urug
 26802 | D:13     | Noticed Nessos
 26830 | D:13     | Killed Nessos
 26973 | D:13     | Your ally Nessos died
 27566 | D:13     | Gained mutation: You are hated by all. [Ru sacrifice]
 27566 | D:13     | Reached ****** piety under Ru
 27729 | D:13     | Reached XP level 15. HP: 49/124 MP: 21/21
 27810 | D:14     | Reached skill level 10 in Long Blades
 27934 | D:14     | Noticed Rupert
 28043 | D:14     | Found a gate to the Vaults.
 28065 | D:14     | Reached skill level 5 in Shields
 28231 | D:14     | Killed Rupert
 28502 | D:14     | Found Pesoraah's Assorted Antiques.
 28505 | D:14     | Bought a scroll labeled NOR PEERGHUIX for 30 gold pieces
 28505 | D:14     | Bought a transparent cloak for 285 gold pieces
 28517 | D:14     | Identified the cursed +0 cloak of Seta {-Cast MR+ Regen+ Int+5} (You bought it in a shop on level 14 of the Dungeon)
 28918 | D:15     | Entered Level 15 of the Dungeon
 29868 | D:15     | Found a staircase to the Depths.
 30051 | D:13     | HP: 5/124 [centaur warrior (11)]
 30285 | Snake:1  | Entered Level 1 of the Snake Pit
 30877 | Snake:1  | Reached skill level 10 in Necromancy
 30877 | Snake:1  | Reached XP level 16. HP: 48/131 MP: 4/22
 30916 | Snake:1  | HP: 6/131 [guardian serpent (11)]
 31650 | Snake:2  | Noticed Nikola
 31869 | Orc:1    | Entered Level 1 of the Orcish Mines
 32393 | Orc:3    | Found a dark tunnel.
 32442 | Volcano  | Entered a volcano
 32531 | Volcano  | Found a burning altar of Makhleb.
 33076 | Orc:3    | Found a staircase to the Elven Halls.
 33331 | Orc:4    | Entered Level 4 of the Orcish Mines
 33741 | Orc:4    | Found a roughly hewn altar of Beogh.
 33934 | Orc:4    | Found Uraod's Gadget Shop.
 33999 | Orc:4    | Reached skill level 13 in Long Blades
 34126 | Orc:4    | Found Samnit's Book Shoppe.
 34312 | Orc:4    | Found Zacom's Magic Scroll Shop.
 34316 | Orc:4    | Found Lidinn's Armour Shoppe.
 34320 | Orc:4    | Bought a scroll of identify for 28 gold pieces
 34320 | Orc:4    | Bought a scroll of identify for 28 gold pieces
 34320 | Orc:4    | Bought a scroll of identify for 28 gold pieces
 34320 | Orc:4    | Bought a scroll of identify for 28 gold pieces
 34324 | Orc:4    | Bought the +1 helmet "Gehullab" {rF+} for 282 gold pieces
 34334 | Orc:4    | Bought a +2 chain mail of fire resistance for 258 gold pieces
 34840 | Snake:2  | Noticed Vashnia
 34891 | Snake:2  | Noticed Aizul
 34919 | Snake:2  | Killed Aizul
 34942 | Snake:2  | HP: 5/131 [naga warrior/glaive (10)]
 34973 | Snake:2  | HP: 3/131 [naga sharpshooter/bolt[Vashnia] (13)]
 34973 | Snake:2  | Shot with an arrow by a naga sharpshooter

Action                   |  1- 3 |  4- 6 |  7- 9 | 10-12 | 13-15 | 16-18 || total
-------------------------+-------+-------+-------+-------+-------+-------++-------
Melee: Whip              |    69 |    90 |   291 |   254 |       |       ||   704
       Battleaxe         |       |       |       |   356 |   151 |       ||   507
       Demon blade       |       |       |       |     5 |  1321 |   408 ||  1734
 Cast: Pain              |    35 |     7 |    25 |    50 |     7 |       ||   124
       Vampiric Draining |    11 |    46 |   130 |   231 |   385 |   149 ||   952
       Animate Skeleton  |       |     6 |     3 |     1 |       |       ||    10
       Animate Dead      |       |       |    15 |    26 |    14 |       ||    55
       Control Undead    |       |       |     4 |    13 |     3 |       ||    20
       Confuse           |       |       |       |     2 |       |       ||     2
Invok: Sacrifice Health  |       |     1 |       |     1 |       |       ||     2
       Sacrifice Experie |       |     1 |       |       |       |       ||     1
       Reject Sacrifices |       |       |       |     2 |     1 |       ||     3
       Sacrifice Stealth |       |       |       |     1 |       |       ||     1
       Draw Out Power    |       |       |       |    10 |    40 |     7 ||    57
       Power Leap        |       |       |       |       |     1 |       ||     1
       Sacrifice Love    |       |       |       |       |     1 |       ||     1
       Sacrifice Skill   |       |       |       |       |     1 |       ||     1
       Apocalypse        |       |       |       |       |     1 |     1 ||     2
 Abil: Device Recharging |       |       |     1 |       |       |       ||     1
Evoke: Wand              |       |     2 |    16 |    23 |    11 |     9 ||    61
  Use: Scroll            |       |     1 |     8 |    25 |    17 |    10 ||    61
       Potion            |       |       |       |     7 |       |     1 ||     8
 Stab: Sleeping          |     3 |       |     1 |     1 |       |       ||     5
       Confused          |       |       |     3 |       |       |       ||     3
       Invisible         |       |       |     1 |       |    16 |     6 ||    23
       Paralysed         |       |       |     5 |     7 |    21 |     8 ||    41
       Distracted        |       |       |     2 |     4 |     8 |     2 ||    16
       Betrayed ally     |       |       |       |     3 |       |       ||     3
  Eat: Chunk             |     3 |     7 |    16 |    43 |    23 |    10 ||   102
       Beef jerky        |     1 |     1 |       |     1 |     1 |       ||     4
       Meat ration       |       |     1 |     1 |     1 |     4 |     1 ||     8
       Royal jelly       |       |       |     2 |     1 |       |       ||     3
       Fruit             |       |       |     1 |     7 |    17 |       ||    25
       Pizza             |       |       |       |     2 |     1 |       ||     3
